Match 45675586
Unlisted
Match 45675586
End
Construct Weapon Support Center
Selects Airborne Battlegroup
Selects Heavy Machine Gun Paradrop
Selects Smoke Bombing Run
Heavy Machine Gun Paradrop
Bazooka Squad
Heavy Machine Gun Paradrop
Smoke Bombing Run
Engineer Squad
Heavy Machine Gun Paradrop
Smoke Bombing Run
Selects Paratrooper Squad Paradrop
Heavy Machine Gun Paradrop
Mortar Pit
Construct Medical Station
Selects Supply Drop
Supply Drop
.30 cal Machine Gun
.30 cal Machine Gun
Paratrooper Squad Paradrop
Mechanized Support Center
Supply Drop
Smoke Bombing Run
Selects Anti-tank Gun Team Paradrop
Anti-tank Gun Team Paradrop
Mortar Pit
.30 cal Machine Gun
Anti-tank Gun Team Paradrop
Paratrooper Squad Paradrop
M3 Armored Personnel Carrier
Selects Carpet Bombing Run
Heavy Machine Gun Paradrop
Carpet Bombing Run
Construct Tank Depot
Carpet Bombing Run
Smoke Bombing Run
Paratrooper Squad Paradrop
M4(105) Sherman Bulldozer
Heavy Machine Gun Paradrop
Anti-tank Gun Team Paradrop
Carpet Bombing Run
Anti-tank Gun Team Paradrop
Anti-tank Gun Team Paradrop
Anti-tank Gun Team Paradrop
Heavy Machine Gun Paradrop
Carpet Bombing Run
Anti-tank Gun Team Paradrop
Heavy Machine Gun Paradrop
Paratrooper Squad Paradrop
Heavy Machine Gun Paradrop
Paratrooper Squad Paradrop
Smoke Bombing Run
Anti-tank Gun Team Paradrop
Paratrooper Squad Paradrop
Carpet Bombing Run
M4A1 Sherman Medium Tank
Paratrooper Squad Paradrop
M4A1 76mm Conversion
Heavy Machine Gun Paradrop
Carpet Bombing Run
Designate Forward Repair Station
Supply Drop
Paratrooper Squad Paradrop
Paratrooper Squad Paradrop
Carpet Bombing Run
Heavy Machine Gun Paradrop
Paratrooper Squad Paradrop
Smoke Bombing Run
Anti-tank Gun Team Paradrop
Heavy Machine Gun Paradrop
Paratrooper Squad Paradrop
Carpet Bombing Run
Heavy Machine Gun Paradrop
Paratrooper Squad Paradrop
Paratrooper Squad Paradrop
Paratrooper Squad Paradrop
dinamix.fr
びー YT
seb
疾如风
xWeltenFresserx
REDpioneer
BULEAEGIS
Alfista4c
0
0
Comments sign in to comment!
No comments posted yet!